 Dungeon Crawl Stone Soup version 0.32-a0-40-g2adb59ae06 (webtiles) character file.

Game seed: 11803864712670452656

139 CowFu the Skirmisher (level 5, -3/30 HPs)
             Began as a Kobold Hunter on Jan 25, 2024.
             Was a Believer of Kikubaaqudgha.
             Slain by an orc
             ... wielding a +0 flail
              (6 damage)
             ... on level 4 of the Dungeon.
             The game lasted 00:03:14 (2761 turns).

CowFu the Skirmisher (Kobold Hunter)                Turns: 2761, Time: 00:03:15

Health: -3/30      AC:  8    Str:  8    XL:     5   Next: 46%
Magic:  0/5        EV: 10    Int: 10    God:    Kikubaaqudgha [**....]
Gold:   198        SH:  0    Dex: 21    Spells: 4/4 levels left

rFire   . . .        b - +0 dagger (venom)
rCold   + . .        (no shield)
rNeg    . . .        B - +1 scale mail {rC+}
rPois   .            e - +0 helmet
rElec   .            (no cloak)
rCorr   .            (no gloves)
SInv    .            (no boots)
Will    .....        q - amulet of guardian spirit
Stlth   ++           g - ring of flight
HPRegen 0.25/turn    (no ring)
MPRegen 0.09/turn

%: guardian spirit
@: flying
A: small, no large weapons, nightstalker 3
a: Renounce Religion, Unearth Wretches


You were on level 4 of the Dungeon.
You worshipped Kikubaaqudgha.
Kikubaaqudgha was pleased with you.
You visited 1 branch of the dungeon, and saw 4 of its levels.

You collected 198 gold pieces.

Inventory:

Hand Weapons
 a - a +0 shortbow
 b - a +0 dagger of venom (weapon)
Armour
 e - a +0 helmet (worn)
 B - a +1 scale mail of cold resistance (worn)
Jewellery
 f - an amulet of faith
 g - a ring of flight (left hand)
 l - a ring of protection from fire
 p - a ring of see invisible
 q - an amulet of guardian spirit (around neck)
 s - a ring of fire
Scrolls
 d - 2 scrolls of immolation
 h - a scroll of enchant armour {unknown}
 i - a scroll of blinking {unknown}
 j - a scroll of brand weapon {unknown}
 m - 3 scrolls of teleportation {unknown}
 r - 4 scrolls of identify {unknown}
 t - a scroll of butterflies
 w - 2 scrolls of noise {unknown}
 y - a scroll of enchant weapon {unknown}
 A - a scroll of fog {unknown}
Potions
 k - a potion of heal wounds {unknown}
 n - a potion of mutation {unknown}
 o - a potion of invisibility {unknown}
 v - a potion of resistance {unknown}
 x - a potion of enlightenment {unknown}
 z - a potion of haste {unknown}


   Skills:
 - Level 2.1 Fighting
 - Level 0.2 Short Blades
 + Level 8.4 Ranged Weapons
 - Level 2.4 Dodging
 - Level 1.3 Stealth


You had 4 spell levels left.
You didn't know any spells.
Your spell library contained the following spells:

 Spells                   Type           Power      Damage    Failure   Level
 Kiss of Death            Conj/Necr      0%         2d5       98%         1
 Necrotise                Necr           0%         1d4       98%         1
 Sublimation of Blood     Necr           0%         N/A       99%         2
 Fugue of the Fallen      Necr           0%         N/A       100%        3
 Cause Fear               Hex            0%         N/A       100%        4
 Fireball                 Conj/Fire      0%         3d3       100%        5
 Dragon's Call            Summ           0%         N/A       100%        9


Dungeon Overview and Level Annotations

Branches:
Dungeon (4/15)
 Temple: D:4-7

Altars:
Kikubaaqudgha

Annotations:
D:3 1 runed translucent door, IdlyInterested's ghost, amateur DsGl


Innate Abilities, Weirdness & Mutations

You are small and have problems with some larger weapons.
You are completely attuned to the shadows.


Message History

The orc priest is lightly wounded.
The orc misses you. The orc completely misses you.
The orc priest hits you with a +0 hand axe.
* * * LOW HITPOINT WARNING * * *
The orc hits you but does no damage. The orc closely misses you.
You feel better. The orc barely misses you.
The orc hits you but does no damage.
The orc priest mumbles some strange prayers to Beogh against you.
Pain shoots through your body!
* * * LOW HITPOINT WARNING * * *
The orc hits you but does no damage. The orc barely misses you.
You closely miss the orc priest.
The orc priest is moderately wounded.
The orc hits you but does no damage. The orc closely misses you.
The orc priest miscasts a cantrip.
The orc hits you with a +0 dagger.
* * * LOW HITPOINT WARNING * * *
The orc hits you with a +0 flail.
* * * LOW HITPOINT WARNING * * *
You closely miss the orc priest.
The orc priest is moderately wounded.
The orc hits you with a +0 flail.
* * * LOW HITPOINT WARNING * * *
The orc barely misses you. The orc priest completely misses you.
The orc hits you but does no damage. x2
You hit the orc priest but do no damage.
The orc priest is moderately wounded.
The orc closely misses you. The orc hits you but does no damage.
The orc priest calls down the wrath of Beogh upon you.
You barely resist. The orc hits you with a +0 dagger.
* * * LOW HITPOINT WARNING * * *
The orc barely misses you.
You hit the orc priest but do no damage.
The orc priest looks even sicker.
The orc priest is heavily wounded.
The orc hits you but does no damage. The orc closely misses you.
The orc priest hits you but does no damage.
The orc hits you but does no damage. The orc hits you with a +0 flail.
You die...
Kikubaaqudgha rasps: "You have failed me!
Welcome... death!"

#######
#.....#
#.o...#
+.@o..#
#ooo..#
#.....#
######.


You could see an orc priest (very poisoned) and 4 orcs.

Vanquished Creatures
  Terence (D:3)
  An orc wizard (D:3)
  2 adders
  2 dart slugs
  2 ribbon worms (D:2)
  3 orcs (D:3)
  6 bats
  4 endoplasms
  3 goblins (D:2)
  6 hobgoblins
  5 quokkas
  8 ball pythons
  2 frilled lizards (D:3)
  10 kobolds
  4 rats
59 creatures vanquished.

Notes
Turn   | Place    | Note
-------+----------+-------------------------------------------
     0 | D:1      | CowFu the Kobold Hunter began the quest for the Orb.
     0 | D:1      | Reached XP level 1. HP: 12/12 MP: 1/1
   550 | D:1      | Reached XP level 2. HP: 17/17 MP: 2/2
   692 | D:1      | Reached skill level 6 in Ranged Weapons
   797 | D:1      | Found a faded altar of an unknown god.
   805 | D:1      | Reached XP level 3. HP: 21/21 MP: 3/3
   819 | D:1      | Prayed at the altar of an unknown god.
   819 | D:1      | Became a worshipper of Kikubaaqudgha
   819 | D:1      | Reached * piety under Kikubaaqudgha
   819 | D:1      | Received a gift from Kikubaaqudgha
  1220 | D:2      | Reached skill level 7 in Ranged Weapons
  1402 | D:2      | Reached XP level 4. HP: 26/26 MP: 4/4
  1609 | D:2      | Reached ** piety under Kikubaaqudgha
  2055 | D:3      | Noticed Terence
  2065 | D:3      | HP: 1/26 [Terence/+2 hand axe of freezing (2)]
  2072 | D:3      | Killed Terence
  2073 | D:3      | Reached XP level 5. HP: 14/30 MP: 5/5
  2167 | D:3      | Found a runed translucent door.
  2171 | D:3      | Noticed IdlyInterested's ghost (amateur DsGl)
  2171 | D:3      | Noticed a bullfrog
  2305 | D:3      | Reached skill level 8 in Ranged Weapons
  2356 | D:3      | Identified the +0 ring mail of the Leaf {Str-3 Int+7
                  | Stlth+}
  2761 | D:4      | Slain by an orc

Illustrated notes

Levels and vault maps discovered:
D:1:      denvon_arrival_planthouse, layout_loops_corners,
          dreamdust_ecumenical_altar_grove, kennysheep_small_spiral
D:2:      layout_basic
D:3:      layout_loops_ring, ebering_ghost_inner_flame, lexackson_kobold_supper,
          uniq_terence
D:4:      layout_gridville, xom_teletrap_fun, cheibrodos_sewer_entry_sluice,
          uniq_robin, uniq_sigmund

Skill      XL: |  1  2  3  4  5 |
---------------+----------------+-----
Ranged Weapons | 6 7 8 |  8.4
Fighting       | |  2.1
Short Blades   | |  0.2
Dodging        | |  2.4
Stealth        | |  1.3

Action                     |  1- 3 |  4- 6 || total
---------------------------+-------+-------++-------
  Melee: Dagger            |       |    22 ||    22
   Fire: Shortbow          |    92 |    71 ||   163
    Use: Potion            |       |     4 ||     4
 Armour: Leather armour    |    25 |    13 ||    38
         Scale mail        |       |    41 ||    41
  Dodge: Dodged            |    26 |    38 ||    64

Table legend: (Time is in decaauts)
 A = Elapsed time spent in this place.
 B = Non-inter-level travel time spent in this place.
 C = Inter-level travel time spent in this place.
 D = Time resting spent in this place.
 E = Time spent auto-exploring this place.
 F = Levels seen in this place.
 G = Mean time per level.
                   A        B        C        D        E       F      G
               +--------+--------+--------+--------+--------+-----+--------+
         Total |   2783 |   2661 |    122 |      0 |   2247 |   4 |  695.8 |
       Dungeon |   2783 |   2661 |    122 |      0 |   2247 |   4 |  695.8 |
               +--------+--------+--------+--------+--------+-----+--------+

Top non-repeatable levels by time:
     D:1: 1001 daAuts
     D:3: 984 daAuts
     D:2: 788 daAuts
     D:4: 9 daAuts
